 Dungeon Crawl Stone Soup version 0.23.2 (webtiles) character file.

Game seed: 17488412376433397275

4734 Gargoyl the Chopper (level 10, -6/81 HPs)
             Began as a Centaur Abyssal Knight on Apr 10, 2019.
             Was an Elder of Lugonu.
             Killed by the air
             ... invoked by Gastronok
              (25 damage)
             ... on level 11 of the Dungeon.
             The game lasted 00:14:27 (12187 turns).

Gargoyl the Chopper (Centaur Abyssal Knight)       Turns: 12187, Time: 00:14:28

Health: -6/81      AC: 11    Str: 17    XL:     10   Next: 22%
Magic:  15/15      EV:  6    Int: 11    God:    Lugonu [****..]
Gold:   466        SH:  0    Dex: 10    Spells: 9/9 levels left

rFire    . . .     SeeInvis .   d - +3 broad axe (elec)
rCold    . . .     Gourm    .   (no shield)
rNeg     . . .     Faith    .   r - +0 chain mail
rPois    .         Spirit   .   (no helmet)
rElec    .         Reflect  .   q - +1 cloak {+Inv}
rCorr    +         Harm     .   (no gloves)
MR       .....                  (no barding)
Stlth    ..........             (no amulet)
HPRegen  0.23/turn              x - ring of resist corrosion
MPRegen  0.14/turn              (no ring)

@: very quick
A: large, hooves 3, deformed body, speed 2, tough skin 3
a: Depart the Abyss, Bend Space, Banish, Corrupt, Renounce Religion, Evoke
Invisibility


You were on level 11 of the Dungeon.
You worshipped Lugonu.
Lugonu was greatly pleased with you.
You were not hungry.

You visited 1 branch of the dungeon, and saw 10 of its levels.
You visited the Abyss 1 time.
You also visited: Sewer.

You collected 466 gold pieces.

Inventory:

Hand Weapons
 a - a +1 hand axe
 d - a +3 broad axe of electrocution (weapon)
 v - a +5 war axe
Missiles
 p - 13 tomahawks (quivered)
Armour
 q - a +1 cloak of invisibility (worn)
 r - a +0 chain mail (worn)
Jewellery
 x - a ring of resist corrosion (left hand)
 C - the ring "Izouzow" {rF+ Slay+3 Stlth+, unknown}
   (You found it on level 11 of the Dungeon)

   [ring of slaying]

   It affects your accuracy and damage with ranged weapons and melee attacks
   (+3).
   It protects you from fire.
   It makes you more stealthy.
Wands
 w - a wand of acid (7)
 A - a wand of polymorph (10)
Scrolls
 f - 3 scrolls of identify
 h - 2 scrolls of remove curse
 i - 4 scrolls of teleportation
 j - a scroll of magic mapping
 y - a scroll of immolation {unknown}
Potions
 b - a potion of heal wounds
 e - 8 potions of brilliance
 g - 2 potions of flight
 k - 4 potions of magic
 l - a potion of cancellation
 m - a potion of degeneration {unknown}
 n - 5 potions of might
 o - 2 potions of curing
 s - a potion of ambrosia {unknown}
 t - a potion of resistance {unknown}
 u - a potion of haste {unknown}
 B - a potion of agility {unknown}
Comestibles
 c - 13 rations


   Skills:
 + Level 5.4 Fighting
 + Level 7.3 Axes
 + Level 0.8 Throwing
 * Level 7.1 Armour
 * Level 3.9 Dodging
 * Level 6.7 Invocations


You had 9 spell levels left.
You didn't know any spells.
Your spell library was empty.

Dungeon Overview and Level Annotations

Branches:
Dungeon (9/15)             Temple (0/1) D:5
   Lair: D:8-11         Orc: D:9-12

Altars:
Hepliaklqana
Nemelex Xobeh
Qazlal
Vehumet
Yredelemnul
The Shining One

Shops:
D:5 :

Annotations:
D:9 Harold
D:11 Gastronok


Innate Abilities, Weirdness & Mutations

You have hooves in place of feet.
Armour fits poorly on your strangely shaped body.
You cover ground very quickly.
You have extremely tough skin. (AC +3)


Message History

Gastronok is moderately wounded.
You hit Gastronok. Lightning courses through Gastronok!
Gastronok is heavily wounded.
Gastronok bites you!
You slice Gastronok!!
Gastronok is severely wounded.
You hit Gastronok but do no damage. You kick Gastronok.
Gastronok is severely wounded.
Gastronok gurgles, "Are you a wizard?
Wizards taste nice..."
Gastronok bites you!!
You hit Gastronok.
Gastronok is severely wounded.
Gastronok bites you!!
* * * LOW HITPOINT WARNING * * *
You hit Gastronok. You kick Gastronok.
Gastronok is severely wounded.
You feel much better.
Gastronok waves his eye-stalks in wide circles.
The air twists around and strikes you!
You die...

####...##
#.......# ..
....##.##.####....
... #. #.........
. #. #..###.... #.
#..# .
.##.##..####
)......!...#
.##..##@##.#
......w)# #
.##.....# ##..>..
#..... #.##.## #.
#.. #. ###


You could see Gastronok.

Vanquished Creatures
  A hippogriff (D:8)
  Eustachio (D:4)
  4 hogs
  A human (D:6)
  Menkaure (D:7)
  A water moccasin (D:5)
  2 orc warriors
  2 ice beasts
  3 phantoms
  2 sky beasts
  7 ogres
  4 centaurs
  4 bullfrogs
  4 wights
  3 killer bees (D:8)
  3 howler monkeys
  A crimson imp (D:8)
  Crazy Yiuf (D:5)
  4 hounds
  5 orc priests
  A centaur skeleton (D:4)
  A bullfrog skeleton (D:5)
  Ijyb (D:4)
  5 orc wizards
  An iguana (D:9)
  4 worker ants
  A killer bee zombie (D:7)
  A hound zombie (D:8)
  A hound skeleton (D:7)
  4 gnolls (D:5)
  13 adders
  4 shadow imps
  An adder zombie (D:6)
  An adder skeleton (D:4)
  3 worms
  4 dart slugs
  7 leopard geckos
  26 orcs
  7 ball pythons
  4 giant cockroaches
  5 goblins
  A hobgoblin (D:2)
  6 jackals
  2 quokkas (D:4)
  10 bats
  10 frilled lizards
  A jackal skeleton (D:6)
  7 kobolds
  9 rats
  3 plants (D:1)
198 creatures vanquished.

Vanquished Creatures (others)
  A sky beast (D:9)
  A lurking horror (Abyss:2)
  A plant (D:1)
3 creatures vanquished.

Grand Total: 201 creatures vanquished

Notes
Turn   | Place    | Note
-------+----------+-------------------------------------------
     0 | Abyss:1  | Gargoyl the Centaur Abyssal Knight began the quest for the
                  | Orb.
     0 | Abyss:1  | Reached XP level 1. HP: 19/19 MP: 2/2
    81 | Abyss:1  | Noticed an efreet
   168 | D:1      | Escaped the Abyss
   686 | D:1      | Reached * piety under Lugonu
   794 | D:1      | Reached XP level 2. HP: 24/26 MP: 3/3
  1400 | D:2      | Reached XP level 3. HP: 30/31 MP: 4/4
  1523 | D:2      | Found a sparkling altar of Nemelex Xobeh.
  1523 | D:2      | Found a basalt altar of Yredelemnul.
  1996 | D:2      | Found a glowing golden altar of the Shining One.
  2098 | D:3      | Found a stormy altar of Qazlal.
  2128 | D:3      | Reached ** piety under Lugonu
  2197 | D:3      | Reached skill level 1 in Dodging
  2202 | D:3      | Found a radiant altar of Vehumet.
  2483 | D:3      | Reached XP level 4. HP: 28/38 MP: 6/6
  3646 | D:4      | Noticed an ogre
  3652 | D:4      | Killed an ogre
  3652 | D:4      | Reached XP level 5. HP: 25/45 MP: 7/7
  3902 | D:4      | Reached XP level 6. HP: 13/51 MP: 8/8
  4229 | D:4      | Found a glowing drain.
  4245 | Sewer    | Entered a sewer
  4783 | D:4      | Noticed Eustachio
  4798 | D:4      | Killed Eustachio
  5180 | D:4      | Noticed Ijyb
  5225 | D:4      | Killed Ijyb
  5730 | D:4      | Reached XP level 7. HP: 41/58 MP: 8/10
  6137 | D:4      | Found a hazy altar of Hepliaklqana.
  6149 | D:5      | Entered Level 5 of the Dungeon
  6375 | D:5      | Reached *** piety under Lugonu
  6492 | D:5      | Found a staircase to the Ecumenical Temple.
  6619 | D:5      | Found a runed translucent door.
  6620 | D:5      | Noticed Crazy Yiuf
  6987 | D:5      | Found Ickevedwe's Book Boutique.
  7153 | D:5      | Reached XP level 8. HP: 46/66 MP: 11/11
  7417 | D:5      | Reached skill level 5 in Invocations
  7761 | D:5      | Killed Crazy Yiuf
  7761 | D:5      | Reached skill level 5 in Axes
  8116 | D:6      | You fall through a shaft!
  8138 | D:7      | Reached skill level 5 in Armour
  9228 | D:7      | Reached XP level 9. HP: 55/72 MP: 13/13
  9529 | D:7      | Reached **** piety under Lugonu
  9702 | D:7      | Noticed Menkaure
  9710 | D:7      | Killed Menkaure
 10024 | D:6      | Reached skill level 5 in Fighting
 11256 | D:8      | Reached XP level 10. HP: 77/81 MP: 14/14
 11907 | D:9      | Noticed Harold
 11950 | D:9      | You fall through a shaft for 2 floors!
 11951 | D:11     | Got a shimmering amber ring
 12175 | D:11     | Noticed Gastronok
 12187 | D:11     | Killed from afar by Gastronok

Skill      XL: |  1  2  3  4  5  6  7  8  9 10 |
---------------+-------------------------------+-----
Axes           | 2 3 4 5 7 |  7.3
Dodging        | 1 2 3 |  3.9
Armour         | 2 3 4 5 6 7 |  7.1
Invocations    | 3 4 5 6 |  6.7
Fighting       | 4 5 |  5.4
Throwing       | |  0.8

Action                   |  1- 3 |  4- 6 |  7- 9 | 10-12 || total
-------------------------+-------+-------+-------+-------++-------
Melee: Broad axe         |    84 |   122 |   299 |    59 ||   564
       Kick              |     9 |    16 |    55 |    12 ||    92
Throw: Tomahawk          |       |     7 |     5 |       ||    12
Invok: Depart the Abyss  |     1 |       |       |       ||     1
       Bend Space        |       |       |       |     1 ||     1
       Banish            |       |       |       |     1 ||     1
  Use: Scroll            |     6 |     4 |     6 |     1 ||    17
       Potion            |       |     2 |     1 |     2 ||     5
  Eat: Chunk             |     2 |     2 |    14 |     3 ||    21
       Ration            |       |     3 |       |       ||     3
Armor: Leather armour    |    41 |     2 |       |       ||    43
       Scale mail        |       |    63 |       |       ||    63
       Chain mail        |       |    24 |   229 |    38 ||   291
Dodge: Dodged            |    61 |    62 |   105 |    16 ||   244
